 Dungeon Crawl Stone Soup version 0.26-b1-32-g5d43845318 (webtiles) character file.

Game seed: 15181613559687031410

107 Mattiprrivan the Stinger (level 5, -3/37 HPs)
             Began as a Formicid Venom Mage on Jan 5, 2021.
             Slain by an orc warrior
             ... wielding a +0 short sword
              (5 damage)
             ... on level 3 of the Dungeon.
             The game lasted 00:23:48 (2364 turns).

Mattiprrivan the Stinger (Formicid Venom Mage)      Turns: 2364, Time: 00:23:49

Health: -3/37      AC:  3    Str: 14    XL:     5   Next: 11%
Magic:  3/8        EV: 12    Int: 14    God:
Gold:   176        SH:  0    Dex: 17    Spells: 5/9 levels left

rFire    . . .     SeeInvis +   i - +0 flail
rCold    . . .     Faith    .   (no shield)
rNeg     . . .     Spirit   .   b - +0 leather armour
rPois    .         Reflect  .   (helmet unavailable)
rElec    .         Harm     .   (no cloak)
rCorr    .         Rampage  .   (no gloves)
Will     .....                  (no boots)
Stlth    ++........             (no amulet)
HPRegen  0.12/turn              f - +6 ring of dexterity
MPRegen  0.11/turn              (no ring)

@: no status effects
A: permanent stasis, dig shafts and tunnels, four strong arms, antennae 3
a: Dig, Shaft Self


You were on level 3 of the Dungeon.
You visited 1 branch of the dungeon, and saw 3 of its levels.

You collected 176 gold pieces.

Inventory:

Hand Weapons
 c - a +0 short sword
 i - a +0 flail (weapon)
Armour
 b - a +0 leather armour (worn)
Jewellery
 f - a +6 ring of dexterity (left hand)
Scrolls
 d - 3 scrolls of identify
 e - a scroll of remove curse
Potions
 g - 2 potions of might
 h - a potion of resistance


   Skills:
 * Level 1.0 Fighting
 * Level 0.9(1.0) Short Blades
 * Level 0.1(0.4) Long Blades
 * Level 0.8(1.2) Axes
 * Level 1.2(1.5) Maces & Flails
 * Level 0.1(0.7) Polearms
 * Level 0.7(1.2) Staves
 * Level 0.9 Armour
 * Level 2.0 Dodging
 * Level 2.8 Stealth
 * Level 2.6 Spellcasting
 * Level 0.3 Conjurations
 * Level 1.3 Transmutations
 * Level 0.2 Air Magic
 * Level 4.5 Poison Magic


You had 5 spell levels left.
You knew the following spells:

 Your Spells              Type           Power        Failure   Level
a - Sting                 Tmut/Pois      40%          9%          1
b - Mephitic Cloud        Conj/Pois/Air  6%           38%         3

Your spell library contained the following spells:

 Spells                   Type           Power        Failure   Level
 Poisonous Vapours        Pois/Air       16%          16%         2
 Ignite Poison            Fire/Tmut/Pois 7%           36%         3
 Olgreb's Toxic Radiance  Pois           14%          38%         4


Dungeon Overview and Level Annotations

Branches:
Dungeon (3/15)

Altars:


Innate Abilities, Weirdness & Mutations

You cannot be hasted, slowed, berserked, paralysed or teleported.
You can dig through walls and to a lower floor.
Your four strong arms can wield two-handed weapons with a shield.
You have a pair of large antennae on your head. (SInv)


Message History

Press: ? - help, Shift-Dir - straight line, f/p - orc warrior
Aim: an orc warrior, wielding a +0 short sword and wearing a cursed +0 chain mail (lightly wounded, poisoned, 32% to evade)
The sting misses the orc warrior.
The orc warrior hits you but does no damage.
Casting: Sting (safe; 9% risk of failure)
Confirm with . or Enter, or press ? or * to list all spells.
Aiming: Sting (safe; 9% risk of failure)
Press: ? - help, Shift-Dir - straight line, f/p - orc warrior
Aim: an orc warrior, wielding a +0 short sword and wearing a cursed +0 chain mail (lightly wounded, poisoned, 32% to evade)
The sting hits the orc warrior.
The orc warrior looks even sicker.
The orc warrior is moderately wounded.
The orc warrior hits you with a +0 short sword!
* * * LOW HITPOINT WARNING * * *
Your magical contamination has completely faded away.
You hit the orc warrior but do no damage.
The orc warrior is heavily wounded.
The orc warrior hits you with a +0 short sword.
* * * LOW HITPOINT WARNING * * *
The orc warrior hits you with a +0 short sword.
You die...

#.# #.# #.# #.# ##.## #.# #.#
#...# #.# #.# #.).# #.# #.#
#...# ##)## ###.######
##...## #.......###.....####
.>...........##.....)..######
###.##.####..##@o....).)....#
#. #.# #{.###...###.####.#.#
# #.# #..# #.##..........o.
#.####..###.##.#..........
..#............##.########
###.###.########### # #.# #.#
..#


You could see an orc warrior (poisoned).

Vanquished Creatures
  An orc wizard (D:3)
  3 adders
  An ooze (D:2)
  A worm (D:2)
  A leopard gecko (D:1)
  2 orcs (D:3)
  5 bats
  3 giant cockroaches (D:1)
  5 goblins
  4 hobgoblins
  10 kobolds
  A quokka (D:2)
  A frilled lizard (D:1)
  10 rats
48 creatures vanquished.

Notes
Turn   | Place    | Note
-------+----------+-------------------------------------------
     0 | D:1      | Mattiprrivan the Formicid Venom Mage began the quest for
                  | the Orb.
     0 | D:1      | Reached XP level 1. HP: 13/13 MP: 3/3
   355 | D:1      | Reached XP level 2. HP: 20/20 MP: 3/5
   877 | D:1      | Reached XP level 3. HP: 25/25 MP: 4/6
   881 | D:1      | Learned a level 3 spell: Mephitic Cloud
  1248 | D:2      | Reached skill level 1 in Maces & Flails
  1728 | D:2      | Reached XP level 4. HP: 31/31 MP: 7/7
  2323 | D:3      | Noticed an orc warrior
  2343 | D:3      | Reached skill level 1 in Fighting
  2343 | D:3      | Reached XP level 5. HP: 33/37 MP: 4/8
  2364 | D:3      | Slain by an orc warrior

Illustrated notes

Levels and vault maps discovered:
D:1:      dpeg_arrival_three_bigger_balls, layout_rooms
D:2:      layout_basic, fountainhead, st_stairs_5
D:3:      layout_loops_ring, minmay_misc_feat_rows, grunt_gozag_statues

Skill      XL: |  1  2  3  4 |
---------------+-------------+-----
Maces & Flails | 1 |  1.2
Fighting       | 1 |  1.0
Dodging        | 2 |  2.0
Short Blades   | |  0.9
Long Blades    | |  0.1
Axes           | |  0.8
Polearms       | |  0.1
Staves         | |  0.7
Armour         | |  0.9
Stealth        | |  2.8
Spellcasting   | |  2.6
Conjurations   | |  0.3
Transmutations | |  1.3
Air Magic      | |  0.2
Poison Magic   | |  4.5

Action                   |  1- 3 |  4- 6 || total
-------------------------+-------+-------++-------
Melee: Whip              |    89 |    49 ||   138
       Unarmed           |     8 |       ||     8
       Flail             |       |     1 ||     1
 Cast: Sting             |    19 |    11 ||    30
       Mephitic Cloud    |       |     1 ||     1
 Abil: Dig               |     1 |       ||     1
  Use: Scroll            |     4 |     1 ||     5
       Potion            |     3 |       ||     3
 Stab: Sleeping          |     2 |     1 ||     3
Armor: Leather armour    |    30 |    13 ||    43
Dodge: Dodged            |    58 |    27 ||    85
